 Dungeon Crawl Stone Soup version 0.20.1-1-g8b1a95d (webtiles) character file.

118 Gargoyl the Skirmisher (level 4, 0/40 HPs)
             Began as a Minotaur Abyssal Knight on Aug 4, 2017.
             Was a Believer of Lugonu.
             Slain by a centaur
             ... wielding a cursed -1 shortbow
              (5 damage)
             ... on level 4 of the Dungeon.
             The game lasted 00:04:32 (2347 turns).

Gargoyl the Skirmisher (Minotaur Abyssal Knight)    Turns: 2347, Time: 00:04:33

Health: 0/40       AC:  4    Str: 17    XL:     4   Next: 72%
Magic:  5/5        EV: 12    Int: 14    God:    Lugonu [**....]
Gold:   110        SH:  0    Dex: 10    Spells: 3/3 levels left

rFire    . . .     SeeInvis .   a - +2 hand axe
rCold    . . .     Gourm    .   (no shield)
rNeg     . . .     Faith    .   b - +1 leather armour
rPois    .         Spirit   .   (helmet restricted)
rElec    .         Reflect  .   (no cloak)
rCorr    .         Harm     .   (no gloves)
MR       .....                  (no boots)
Stlth    +.........             l - amulet of regeneration
Regen    0.6/turn               (no ring)
MPRegen  0.1/turn               (no ring)

@: brilliant
A: retaliatory headbutt, horns 2
a: Depart the Abyss, Bend Space, Renounce Religion


You were on level 4 of the Dungeon.
You worshipped Lugonu.
Lugonu was pleased with you.
You were not hungry.

You visited 1 branch of the dungeon, and saw 4 of its levels.
You visited the Abyss 1 time.

You collected 110 gold pieces.

Inventory:

Hand Weapons
 a - a +2 hand axe (weapon)
Armour
 b - a +1 leather armour (worn)
Jewellery
 d - a +3 amulet of reflection
 l - an amulet of regeneration (around neck)
Scrolls
 h - 3 scrolls of identify
 o - a scroll of noise {unknown}
 p - a scroll of teleportation
Potions
 e - a potion of flight
 g - a potion of brilliance
 k - a potion of invisibility {unknown}
 m - a potion of curing {unknown}
 n - 2 potions of degeneration {unknown}
Comestibles
 c - 2 bread rations
 f - a meat ration
 i - 2 fruits
 j - 7 chunks of flesh


   Skills:
 + Level 4.2 Fighting
 + Level 3.2 Axes
 * Level 4.1 Armour
 + Level 1.8 Dodging
 * Level 2.7 Invocations


You had 3 spell levels left.
You didn't know any spells.

Dungeon Overview and Level Annotations

Branches:
Dungeon (4/15)
 Temple: D:4-7

Altars:
Zin

Annotations:
D:3 Gargoyl's ghost, weakling MiAK


Innate Abilities, Weirdness & Mutations

You reflexively headbutt those who attack you in melee.
You have a pair of horns on your head.


Message History

The scorpion misses you.
Unknown command.
You hit the centaur. You headbutt the centaur!
The centaur is almost dead.
You hit the scorpion but do no damage.
The centaur hits you with an enchanted shortbow.
* * * LOW HITPOINT WARNING * * *
The scorpion misses you.
The centaur hits you with an enchanted shortbow.
* * * LOW HITPOINT WARNING * * *
You barely miss the centaur.
The centaur is almost dead.
You closely miss the scorpion.
The centaur hits you with an enchanted shortbow.
* * * LOW HITPOINT WARNING * * *
The scorpion barely misses you.
It was a potion of brilliance.
You feel clever all of a sudden.
The centaur hits you with an enchanted shortbow.
You die...

#.......
....... ......
#.... ## ....
... #..# ...
#.#####.c##.###
.......@.......
#.....†s....###
#######(..#.#
##(..#.#
#<(....#
##........
........#
##...#.#.#
#...#.#.#


You could see a centaur and a scorpion.

Vanquished Creatures
  A hound (D:3)
  An ooze (D:3)
  2 worms
  A dart slug (D:1)
  A leopard gecko (D:3)
  An orc (D:3)
  3 ball pythons
  3 giant cockroaches
  6 goblins
  16 hobgoblins
  4 jackals
  5 kobolds
  A quokka (D:3)
  11 bats
  2 frilled lizards
  11 rats
69 creatures vanquished.

Notes
Turn   | Place    | Note
-------+----------+-------------------------------------------
     0 | Abyss:1  | Gargoyl the Minotaur Abyssal Knight began the quest for the Orb.
     0 | Abyss:1  | Reached XP level 1. HP: 19/19 MP: 1/1
    31 | Abyss:2  | Noticed a small abomination
    35 | D:1      | Escaped the Abyss
   307 | D:1      | Reached XP level 2. HP: 27/27 MP: 2/2
   320 | D:1      | Reached * piety under Lugonu
  1007 | D:1      | Reached XP level 3. HP: 33/33 MP: 3/3
  1689 | D:2      | Found a glowing silver altar of Zin.
  1887 | D:3      | Reached XP level 4. HP: 21/40 MP: 4/4
  1953 | D:3      | Reached ** piety under Lugonu
  2082 | D:3      | Noticed Gargoyl's ghost (weakling MiAK)
  2330 | D:4      | Noticed a centaur
  2347 | D:4      | Slain by a centaur

Skill      XL: |  1  2  3  4 |
---------------+-------------+-----
Fighting       | 4 |  4.2
Invocations    | 2 |  2.7
Armour         | 3 4 |  4.1
Axes           | 3 |  3.2
Dodging        | |  1.8

Action                   |  1- 3 |  4- 6 || total
-------------------------+-------+-------++-------
Melee: Hand axe          |   108 |    52 ||   160
       Headbutt          |    19 |     6 ||    25
Invok: Depart the Abyss  |     1 |       ||     1
  Use: Scroll            |     6 |       ||     6
       Potion            |       |     1 ||     1
  Eat: Chunk             |     3 |     2 ||     5
Armor: Leather armour    |    36 |    31 ||    67
Dodge: Dodged            |    55 |    55 ||   110
Block: Other             |    10 |       ||    10
